AoeStats
← Welsh91Wizard

Lombardia

508945294Analyzed
4v4 RM · 6d ago on Sep 24, 2026· 49m 30s· 8 players
Game mode
Random Map
Map size
Large (8 player)
Population
200
Speed
Normal
Resources
Standard
Victory
Conquest
Starting age
Dark Age
Ending age
Imperial Age
RankedLock teamsTeams togetherTeam positionsShared explorationLock speedFull tech treeHidden civsTurbo modeCheats
Victory
Defeat
🇺🇸 Vietnamese · United States
1322
+16
🇧🇷 Byzantines · Brazil
1318
+16
🇺🇸 Malians · United States
1288
+18
🇧🇷 Berbers · Brazil
1260
+19
🇮🇹 Koreans · Italy
1436
-22
🇬🇧 Gurjaras · United Kingdom
1404
-20
🇨🇦 Inca · Canada
1238
-14
🇩🇪 Saracens · Germany
1215
-13
GENGIS KHAN'T
7:11 Loom
9:42 Feudal Age
10:43 Double-Bit Axe
17:02 Gold Mining
17:04 Stone Mining
20:12 Castle Age
21:11 Bow Saw
22:18 Wheelbarrow
21:29 Town Watch
22:15 Horse Collar
24:53 Forging
28:21 Gold Shaft Mining
28:24 Scale Mail Armor
29:27 Iron Casting
30:55 Arson
31:12 Squires
34:24 Imperial Age
32:11 Hand Cart
32:59 Chain Mail Armor
35:57 Husbandry
36:08 Bloodlines
36:29 Plate Mail Armor
36:46 Scale Barding Armor
38:20 Heavy Camel Rider
41:54 Chain Barding Armor
43:12 Farimba
42:33 Elite Gbeto
44:00 Plate Barding Armor
43:25 Man-at-Arms
44:21 Long Swordsman
45:34 Two-Handed Swordsman
47:33 Champion
Lord BELO
8:48 Loom
11:19 Feudal Age
15:05 Castle Age
14:07 Double-Bit Axe
14:54 Horse Collar
16:04 Bow Saw
22:41 Wheelbarrow
23:16 Man-at-Arms
24:43 Gold Mining
24:50 Stone Mining
25:32 Heavy Plow
26:14 Hand Cart
27:04 Stone Shaft Mining
27:06 Gold Shaft Mining
28:09 Scale Barding Armor
28:15 Forging
32:25 Imperial Age
30:17 Chain Barding Armor
30:33 Iron Casting
30:45 Husbandry
30:58 Fletching
31:07 Murder Holes
30:54 Treadmill Crane
31:35 Ballistics
32:29 Heavy Camel Rider
32:31 Elite Cataphract
33:35 Conscription
34:16 Logistica
34:26 Conscription
35:35 Plate Barding Armor
34:56 Bodkin Arrow
36:26 Chemistry
38:15 Pikeman
38:55 Squires
38:58 Scale Mail Armor
38:59 Bracer
38:46 Halberdier
41:12 Guard Tower
41:08 Arrowslits
41:44 Bombard Tower
42:10 Chain Mail Armor
44:08 Keep
47:31 Plate Mail Armor
Flyingsheep78
6:28 Loom
8:53 Feudal Age
9:41 Double-Bit Axe
10:58 Horse Collar
20:36 Castle Age
18:55 Gold Mining
22:05 Wheelbarrow
22:19 Bow Saw
22:12 Heavy Plow
25:58 Hand Cart
26:48 Stone Mining
27:12 Town Watch
32:15 Imperial Age
30:35 Stone Shaft Mining
30:26 Bloodlines
30:16 Husbandry
30:23 Scale Barding Armor
32:33 Elite Battle Elephant
34:12 Chatras
37:33 Forging
38:00 Chain Barding Armor
39:04 Chemistry
38:38 Caravan
39:35 Iron Casting
43:46 Fletching
43:57 Padded Archer Armor
45:04 Bodkin Arrow
45:24 Leather Archer Armor
45:31 Leather Archer Armor
45:55 Ballistics
45:24 Light Cavalry
45:30 Elite Skirmisher
46:30 Imperial Skirmisher
47:37 Bracer
48:11 Paper Money
Phill Forest
8:12 Loom
10:33 Feudal Age
12:03 Double-Bit Axe
17:44 Horse Collar
19:18 Wheelbarrow
21:56 Castle Age
23:00 Bow Saw
22:51 Heavy Plow
29:07 Hand Cart
30:22 Town Watch
30:48 Gold Mining
30:53 Stone Mining
34:28 Padded Archer Armor
34:18 Fletching
34:58 Ballistics
37:12 Imperial Age
37:44 Leather Archer Armor
37:24 Bodkin Arrow
37:32 Kasbah
38:24 Bracer
38:55 Ring Archer Armor
38:48 Conscription
38:04 Elite Camel Archer
40:49 Stone Shaft Mining
40:18 Maghrebi Camels
41:35 Chemistry
40:33 Murder Holes
40:20 Treadmill Crane
40:51 Masonry
40:54 Siege Engineers
40:56 Scale Barding Armor
41:02 Forging
41:00 Husbandry
41:10 Bloodlines
41:30 Thumb Ring
42:20 Town Watch
42:59 Chain Barding Armor
43:14 Iron Casting
43:23 Gold Shaft Mining
46:29 Plate Barding Armor
46:54 Blast Furnace
46:29 Light Cavalry
NEXT_LEVER
8:56 Feudal Age
9:49 Double-Bit Axe
10:48 Loom
11:41 Horse Collar
19:54 Castle Age
18:33 Forging
21:08 Castle Age
19:35 Bloodlines
21:05 Scale Barding Armor
22:29 Heavy Plow
22:41 Bow Saw
24:20 Wheelbarrow
25:41 Town Watch
28:41 Husbandry
32:56 Imperial Age
31:22 Chain Barding Armor
34:08 Iron Casting
33:01 Heavy Camel Rider
34:59 Hand Cart
34:45 Town Patrol
36:02 Plate Barding Armor
37:01 Frontier Guards
37:03 Conscription
41:11 Light Cavalry
42:34 Kshatriyas
43:16 Hussar
47:10 Elite Skirmisher
47:52 Fletching
48:03 Padded Archer Armor
48:26 Ballistics
48:39 Bodkin Arrow
Mr. Roboto
9:50 Loom
11:40 Feudal Age
16:16 Castle Age
15:19 Horse Collar
15:26 Double-Bit Axe
18:23 Bow Saw
26:49 Wheelbarrow
26:04 Town Watch
31:13 Imperial Age
29:08 Hand Cart
29:32 Heavy Plow
29:26 Gold Mining
29:49 Scale Barding Armor
30:42 Forging
30:53 Chain Barding Armor
32:13 Husbandry
32:23 Bloodlines
31:42 Elite Mameluke
32:48 Conscription
35:32 Plate Barding Armor
35:33 Iron Casting
36:15 Counterweights
38:35 Fletching
42:59 Bodkin Arrow
44:06 Chemistry
43:27 Ballistics
43:43 Caravan
45:57 Thumb Ring
45:22 Elite Skirmisher
48:24 Padded Archer Armor
48:51 Bracer
tagliola23
9:03 Loom
10:49 Feudal Age
15:21 Castle Age
13:29 Double-Bit Axe
16:55 Bow Saw
20:28 Horse Collar
24:10 Wheelbarrow
23:21 Town Watch
25:24 Hand Cart
25:04 Gold Mining
25:10 Stone Mining
31:04 Imperial Age
28:40 Heavy Plow
30:30 Fletching
31:20 Bodkin Arrow
32:21 Conscription
32:54 Bracer
33:39 Ballistics
34:36 Masonry
35:59 Chemistry
34:46 Arrowslits
34:42 Treadmill Crane
36:04 Eupseong
36:09 Scale Mail Armor
36:20 Forging
36:23 Guilds
36:43 Coinage
36:58 Gold Shaft Mining
38:30 Two-Man Saw
38:25 Architecture
37:51 Murder Holes
38:02 Siege Engineers
38:19 Pikeman
39:00 Squires
38:45 Arson
39:19 Chain Mail Armor
39:40 Iron Casting
39:05 Capped Ram
39:28 Halberdier
40:40 Plate Mail Armor
41:30 Caravan
47:36 Elite Fire Lancer
Welsh91Wizard
6:41 Loom
12:27 Feudal Age
17:10 Castle Age
17:15 Horse Collar
19:02 Heavy Plow
18:49 Double-Bit Axe
22:36 Bow Saw
24:27 Wheelbarrow
24:03 Scale Mail Armor
24:15 Forging
25:25 Hand Cart
26:16 Gold Mining
27:15 Town Watch
30:12 Imperial Age
28:33 Gold Shaft Mining
28:33 Chain Mail Armor
29:39 Stone Mining
31:11 Iron Casting
30:28 Treadmill Crane
30:48 Murder Holes
31:28 Plate Mail Armor
31:25 Conscription
31:55 Crop Rotation
32:04 Stone Shaft Mining
31:50 Fabric Shields
32:44 Caravan
33:47 Blast Furnace
33:53 Elite Kamayuk
34:40 Fletching
36:30 Coinage
37:30 Bodkin Arrow
37:35 Padded Archer Armor
37:59 Ballistics
38:40 Chemistry
41:07 Andean Sling
45:35 Champi Runner
48:57 Elite Skirmisher
49:46 Thumb Ring
Connection lost

Rejoining the realm…

Still unreachable

The connection could not be restored.

Session expired

The server has moved on; the page needs a fresh start.